 Dungeon Crawl Stone Soup version 0.30-a0-715-gdb4ae3ece1 (webtiles) character file.

Game seed: 10837779696163272879

7329 DavidChitty2 the Cleaver (level 10, -2/91 HPs)
             Began as a Minotaur Fighter on Jan 10, 2023.
             Was an Elder of Okawaru.
             Shot with an arrow by a centaur (7 damage)
             ... on level 10 of the Dungeon on Jan 24, 2023.
             The game lasted 00:12:25 (8832 turns).

DavidChitty2 the Cleaver (Minotaur Fighter)         Turns: 8832, Time: 00:12:26

Health: -2/91      AC: 21    Str: 26    XL:     10   Next: 90%
Magic:  0/13       EV:  9    Int:  5    God:    Okawaru [****..]
Gold:   520        SH:  7    Dex:  9    Spells: 9/9 levels left

rFire   . . .      SeeInvis .    a - +1 war axe (venom)
rCold   . . .      Faith    .    c - +0 buckler
rNeg    . . .      Spirit   +    j - +0 plate armour
rPois   .          Reflect  .    K - +0 hat {Stlth+}
rElec   .          Harm     .    (no cloak)
rCorr   .          Rampage  .    z - +0 pair of gloves
Will    .....                    h - +2 pair of boots Stlth
                                 r - amulet of guardian spirit
HPRegen 0.35/turn                (no ring)
MPRegen 0.13/turn                (no ring)

@: heroic, slowed, very slow
A: horns 2, retaliatory headbutt
a: Renounce Religion, Heroism, Finesse


You were on level 10 of the Dungeon.
You worshipped Okawaru.
Okawaru was greatly pleased with you.
You visited 2 branches of the dungeon, and saw 11 of its levels.

You collected 520 gold pieces.

Inventory:

Hand Weapons
 a - a +1 war axe of venom (weapon)
 b - a +2 flail of venom
   (You took it off an orc on level 9 of the Dungeon)
Missiles
 A - 2 throwing nets (quivered) {!f}
Armour
 c - a +0 buckler (worn)
 h - a +2 pair of boots (worn)
   (You found it on level 4 of the Dungeon)
 j - a +0 plate armour (worn)
   (You found it on level 1 of the Dungeon)
 l - a +0 hat
   (You found it on level 4 of the Dungeon)
 z - a +0 pair of gloves (worn)
   (You found it on level 6 of the Dungeon)
 K - a +0 hat of stealth (worn)
   (You took it off Gastronok on level 9 of the Dungeon)
Jewellery
 p - a ring of ice
   (You found it on level 2 of the Dungeon)
 q - an amulet of faith {!P}
   (You found it on level 4 of the Dungeon)
 r - an amulet of guardian spirit (around neck)
   (You found it on level 5 of the Dungeon)
 J - a ring of wizardry
   (You found it on level 5 of the Dungeon)
Wands
 d - a wand of iceblast (5)
   (You found it on level 9 of the Dungeon)
 t - a wand of flame (29)
   (You found it on level 7 of the Dungeon)
 v - a wand of digging (4)
   (You found it on level 3 of the Dungeon)
 D - a wand of light (5)
   (You found it on level 7 of the Dungeon)
Scrolls
 f - 2 scrolls of enchant weapon
 g - 2 scrolls of fear
 k - 2 scrolls of blinking
 o - 2 scrolls of summoning
 s - a scroll of torment {!r}
 x - a scroll of immolation {!r}
 y - a scroll of teleportation {@r4}
Potions
 e - 4 potions of attraction {!q}
 i - 3 potions of magic {unknown}
 m - a potion of invisibility {unknown}
 n - 3 potions of haste {unknown}
 u - 4 potions of heal wounds {@q2}
 w - 2 potions of berserk rage
 B - 3 potions of curing {@q1}
 C - 5 potions of lignification {!q}
 E - a potion of flight {unknown}
 F - 3 potions of degeneration {unknown}
 G - a potion of brilliance
 H - a potion of resistance {unknown}
 I - a potion of mutation {unknown}


   Skills:
 + Level 9.3(14.3) Fighting
 * Level 12.2(17.2) Axes
 + Level 9.2(14.2) Armour
 + Level 9.3(14.3) Shields
 + Level 5.4 Invocations


You had 9 spell levels left.
You didn't know any spells.
Your spell library contained the following spells:

 Spells                   Type           Power      Damage    Failure   Level
 Apportation              Tloc           0%         N/A       99%         1
 Magic Dart               Conj           0%         1d3       99%         1
 Necrotise                Necr           0%         1d4       99%         1
 Sandblast                Erth           0%         2d4       99%         1
 Sting                    Tmut/Pois      0%         1d3       99%         1
 Passwall                 Tmut/Erth      0%         N/A       100%        2
 Poisonous Vapours        Pois/Air       0%         N/A       100%        2
 Mephitic Cloud           Conj/Pois/Air  0%         N/A       100%        3
 Stone Arrow              Conj/Erth      0%         3d7       100%        3
 Leda's Liquefaction      Hex/Erth       0%         N/A       100%        4
 Olgreb's Toxic Radiance  Pois           0%         N/A       100%        4
 Lee's Rapid Deconstruct  Erth           0%         3d4*      100%        5
 Statue Form              Tmut/Erth      0%         N/A       100%        6
 Summon Small Mammal      Summ           Unusable   N/A       N/A         1
 Call Imp                 Summ           Unusable   N/A       N/A         2

Dungeon Overview and Level Annotations

Branches:
Dungeon (10/15)            Temple (1/1) D:5
   Lair: D:8-11         Orc: D:9-12

Altars:
Ashenzari
Cheibriados
Dithmenos
Elyvilon
Fedhas
Gozag
Hepliaklqana
Kikubaaqudgha
Makhleb
Nemelex Xobeh
Okawaru
Qazlal
Ru
Sif Muna
Trog
Uskayaw
Vehumet
Wu Jian
Xom
Yredelemnul
Zin
The Shining One

Shops:
D:3 *   D:5 *

Annotations:
D:4 3 runed translucent doors, Sapher's ghost, weakling DEEE
D:5 3 runed translucent doors, archydragon's ghost, amateur MiGl
D:10 Lodul


Innate Abilities, Weirdness & Mutations

You have a pair of horns on your head.
You reflexively headbutt those who attack you in melee.


Message History

The ghostly fireball engulfs the wraith.
The wraith completely resists.
The wraith hits you but does no damage.
You closely miss Josephine. You headbutt Josephine!
You hit the wraith but do no damage. Josephine draws life force from you!
Josephine is healed by the life force!
You block the wraith's attack.
You slice Josephine!! You headbutt Josephine! You completely miss the wraith.
Josephine gestures at you while chanting.
The ghostly flame explodes!
The ghostly fireball engulfs you!
You feel drained.
* * * LOW HITPOINT WARNING * * *
The ghostly fireball engulfs Josephine.
Josephine completely resists.
The ghostly fireball engulfs the wraith.
The wraith completely resists.
The wraith closely misses you.
Unknown command.
Unknown command.
You barely miss Josephine. You hit the wraith. The wraith hits you.
* * * LOW HITPOINT WARNING * * *
The wraith drains your vigour!
You feel as though you will be slow longer.
Josephine casts a spell at you.
The ghostly flame explodes!
The ghostly fireball engulfs you!!
You feel drained.
* * * LOW HITPOINT WARNING * * *
The ghostly fireball engulfs Josephine.
Josephine completely resists.
The ghostly fireball engulfs the wraith.
The wraith completely resists.
You hit Josephine.
Josephine looks as sick as possible!
You headbutt Josephine. You slice the wraith!!
You destroy the wraith!
Okawaru accepts your kill.
You kill Josephine!
Okawaru accepts your kill.
Your life force feels restored.
Your base Axes skill increases to level 12!
The wraith attacks as you move away! The wraith hits you but does no damage.
A centaur comes into view.
The wraith barely misses you. You furiously retaliate!
You headbutt the wraith! The wraith attacks as you move away!
The wraith barely misses you.
The centaur wields a +0 shortbow.
The centaur shoots an arrow.
You block the arrow.
The centaur shoots an arrow.
The arrow hits you but does no damage.
The centaur shoots an arrow.
The arrow closely misses you.
The arrow barely misses the wraith.
The wraith hits you!
* * * LOW HITPOINT WARNING * * *
The wraith drains your vigour!
You feel as though you will be slow longer.
There is a stone staircase leading up here.
The centaur shoots an arrow.
The arrow hits you.
* * * LOW HITPOINT WARNING * * *
The centaur shoots an arrow.
The arrow hits you!
You die...

#.# #.#......
#.#O....
#.#OO..
#.#OOO
###.#WO #
#.#.#.#
#####.#.#.#.#
....c..@WOW)#
.##########.#
>.) .....
...### ...#
.... ..###


You could see 2 wraiths, an ogre and a centaur.

Vanquished Creatures
  Gastronok (D:9)
  Josephine (D:10)
  The ghost of gabibbone the Carver, a novice OpFi of Ru (D:8)
  A queen bee (D:8)
  A troll (D:7)
  3 hornets
  A wraith (D:10)
  A steam dragon (D:8)
  3 yaks (D:9)
  Menkaure (D:4)
  An orc warrior (D:6)
  2 ice beasts
  4 centaurs
  3 ogres
  2 phantoms
  Blork the orc (D:4)
  2 bullfrogs
  A kobold brigand (D:9)
  2 gnoll sergeants
  2 scorpions
  A water moccasin zombie (D:5)
  4 wights (D:7)
  10 killer bees
  4 howler monkeys
  2 jellies
  5 orc priests
  A hound (D:5)
  A gnoll bouda (D:6)
  2 iguanas
  9 orc wizards
  A killer bee zombie (D:5)
  15 gnolls
  9 adders
  A white imp (D:7)
  An ufetubus (D:5)
  3 worms (D:2)
  2 dart slugs
  21 orcs
  11 endoplasms
  5 giant cockroaches
  2 goblins
  14 hobgoblins
  13 jackals
  9 kobolds
  3 quokkas (D:1)
  8 ball pythons
  6 bats
  3 frilled lizards
  3 rats
203 creatures vanquished.

Notes
Turn   | Place    | Note
-------+----------+-------------------------------------------
     0 | D:1      | DavidChitty2 the Minotaur Fighter began the quest for the
                  | Orb.
     0 | D:1      | Reached XP level 1. HP: 19/19 MP: 0/0
   123 | D:1      | Reached XP level 2. HP: 27/27 MP: 1/1
   130 | D:1      | Reached skill level 3 in Axes
   297 | D:1      | Reached XP level 3. HP: 33/33 MP: 2/2
   700 | D:2      | Upgraded the game from 0.30-a0-622-gddc90eaa04 to
                  | 0.30-a0-632-g346586fe48
   836 | D:2      | Found a sparkling altar of Nemelex Xobeh.
   864 | D:2      | Reached XP level 4. HP: 40/40 MP: 3/3
  1177 | D:2      | Found a faded altar of an unknown god.
  1554 | D:3      | Found Intoemy's General Store.
  1704 | D:3      | Reached skill level 4 in Axes
  1922 | D:3      | Reached XP level 5. HP: 44/47 MP: 4/4
  2350 | D:4      | Noticed Sapher's ghost (weakling DEEE)
  2354 | D:4      | Found a runed translucent gate.
  2354 | D:4      | Found a runed translucent gate.
  2361 | D:4      | Found a runed translucent gate.
  2416 | D:4      | Noticed an ogre
  2422 | D:4      | Noticed Blork the orc
  2426 | D:4      | Killed an ogre
  2427 | D:4      | Reached skill level 5 in Axes
  2427 | D:4      | Reached XP level 6. HP: 55/55 MP: 5/5
  2428 | D:4      | Reached skill level 5 in Shields
  2433 | D:4      | Reached skill level 5 in Fighting
  2434 | D:4      | Killed Blork the orc
  2435 | D:4      | Reached skill level 5 in Armour
  2450 | D:4      | Reached skill level 6 in Axes
  2683 | D:4      | Reached XP level 7. HP: 56/61 MP: 6/6
  2704 | D:4      | Noticed Menkaure
  2713 | D:4      | Killed Menkaure
  3434 | D:5      | Entered Level 5 of the Dungeon
  3614 | D:5      | Reached skill level 7 in Axes
  3710 | D:5      | Reached XP level 8. HP: 70/70 MP: 7/7
  3800 | D:5      | Found a runed translucent gate.
  3800 | D:5      | Found a runed translucent gate.
  3800 | D:5      | Found a runed translucent gate.
  3800 | D:5      | Noticed archydragon's ghost (amateur MiGl)
  3834 | D:5      | Found a staircase to the Ecumenical Temple.
  3948 | D:5      | Found a basalt altar of Yredelemnul.
  3992 | Temple   | Entered the Ecumenical Temple
  4185 | Temple   | Became a worshipper of Warmaster Okawaru
  4334 | D:5      | Found Xadagoon's Overcharged Wands.
  4912 | D:6      | Reached skill level 8 in Axes
  4912 | D:6      | Reached skill level 1 in Invocations
  5433 | D:6      | Reached * piety under Okawaru
  5553 | D:7      | Reached skill level 9 in Axes
  5553 | D:7      | Reached XP level 9. HP: 47/79 MP: 7/9
  6148 | D:7      | Noticed a troll
  6155 | D:7      | Killed a troll
  6155 | D:7      | Reached ** piety under Okawaru
  6430 | D:8      | Reached skill level 10 in Axes
  6785 | D:8      | Found a glowing golden altar of the Shining One.
  6785 | D:8      | Found a hide-covered altar of Uskayaw.
  6858 | D:8      | Noticed a queen bee
  6861 | D:8      | Noticed gabibbone's ghost (novice OpFi)
  6862 | D:8      | Found a transporter.
  6866 | D:8      | Found a transporter.
  6882 | D:8      | Reached *** piety under Okawaru
  7086 | D:8      | Killed gabibbone's ghost
  7087 | D:8      | Reached XP level 10. HP: 59/88 MP: 7/12
  7101 | D:8      | Reached skill level 11 in Axes
  7363 | D:9      | Upgraded the game from 0.30-a0-632-g346586fe48 to
                  | 0.30-a0-715-gdb4ae3ece1
  7614 | D:9      | Noticed Gastronok
  7637 | D:9      | Killed Gastronok
  7637 | D:9      | Reached **** piety under Okawaru
  8156 | D:9      | Reached skill level 5 in Invocations
  8814 | D:10     | Entered Level 10 of the Dungeon
  8817 | D:10     | Noticed Josephine
  8821 | D:10     | Noticed Lodul
  8828 | D:10     | Killed Josephine
  8829 | D:10     | Reached skill level 12 in Axes
  8832 | D:10     | Shot with an arrow by a centaur

Illustrated notes

Levels and vault maps discovered:
D:1:      minmay_arrival_four_loops, layout_loops_ring, hangedman_feature_mirror
D:2:      layout_loops_ring, shapermc_ecumenical_altar_mp_highgroup, basic_altar
D:3:      minmay_chambers_of_threes, layout_loops_ring, serial_shops,
          shop_fountains
D:4:      layout_basic, gammafunk_ghost_split, minmay_misc_feat_nine_boxes,
          minmay_crystal_water, uniq_menkaure, uniq_blork_the_orc
D:5:      minmay_inner_zag, layout_loops_ring, nicolae_yredelemnul_ghost_church,
          minmay_temple_entry_mini_moons, nicolae_shop_overcharged_wands
D:6:      layout_loops_ring
D:7:      layout_gridville, roderic_roman_lattice
D:8:      layout_cave_pools, gammafunk_temple_overflow_elements,
          gammafunk_ghost_hive
D:9:      layout_loops_corners, serial_co_window_serial,
          co_window_of_opportunity_a, co_window_corner_a,
          co_window_of_opportunity_a, co_window_paths_a, co_window_paths_b,
          co_window_corner_cb, co_window_2corner, co_window_broadway_c,
          co_window_of_opportunity_b, co_window_2corner, co_window_2corner,
          co_window_corner_cb, glass_columns_a, glass_columns_b, uniq_gastronok
D:10:     wad_cavern_with_rooms, layout_basic, grunt_decor_resistance,
          introduction_to_nature_1, uniq_josephine, uniq_erolcha, uniq_lodul
Temple:   nicolae_temple_bog_church

Skill      XL: |  1  2  3  4  5  6  7  8  9 10 |
---------------+-------------------------------+-----
Axes           | 3 4 5 6 7 9 10 12 | 12.2
Armour         | 4 5 6 7 8 9 |  9.2
Shields        | 4 5 6 7 8 9 |  9.3
Fighting       | 4 5 6 7 8 9 |  9.3
Invocations    | 2 4 5 |  5.4

Action                     |  1- 3 |  4- 6 |  7- 9 | 10-12 || total
---------------------------+-------+-------+-------+-------++-------
  Melee: War axe           |    96 |   128 |   210 |    98 ||   532
         Headbutt          |    15 |    20 |    36 |    18 ||    89
 Invoke: Heroism           |       |       |       |     2 ||     2
    Use: Scroll            |       |    13 |     6 |       ||    19
         Potion            |       |     1 |       |       ||     1
 Armour: Scale mail        |    15 |       |       |       ||    15
         Plate armour      |    49 |    79 |   170 |    59 ||   357
  Dodge: Dodged            |    32 |    31 |    59 |    33 ||   155
  Block: Buckler           |    21 |    33 |    66 |    32 ||   152

Table legend: (Time is in decaauts)
 A = Elapsed time spent in this place.
 B = Non-inter-level travel time spent in this place.
 C = Inter-level travel time spent in this place.
 D = Time resting spent in this place.
 E = Time spent auto-exploring this place.
 F = Levels seen in this place.
 G = Mean time per level.
                   A        B        C        D        E       F      G
               +--------+--------+--------+--------+--------+-----+--------+
         Total |   8940 |   8485 |    455 |    378 |   6674 |  11 |  812.7 |
       Dungeon |   8731 |   8289 |    442 |    378 |   6494 |  10 |  873.1 |
        Temple |    208 |    195 |     13 |      0 |    180 |   1 |  208.0 |
               +--------+--------+--------+--------+--------+-----+--------+

Top non-repeatable levels by time:
     D:9: 1554 daAuts
     D:4: 1304 daAuts
     D:5: 1106 daAuts
     D:8: 977 daAuts
     D:6: 775 daAuts
     D:3: 770 daAuts
     D:2: 761 daAuts
     D:7: 756 daAuts
     D:1: 703 daAuts
  Temple: 208 daAuts
    D:10: 20 daAuts
